 Dungeon Crawl Stone Soup version 0.27.1-3-gb3d3a73c9e (webtiles) character file.

Game seed: 11424986659082386325

175 Crownlay the Conjurer (level 5, -1/38 HPs)
             Began as a Draconian Conjurer on Oct 21, 2021.
             Shot with a stone by a goblin (3 damage)
             ... on level 4 of the Dungeon.
             The game lasted 00:03:41 (3331 turns).

Crownlay the Conjurer (Draconian Conjurer)          Turns: 3331, Time: 00:03:41

Health: -1/38      AC:  5    Str: 10    XL:     5   Next: 29%
Magic:  3/9        EV: 12    Int: 19    God:
Gold:   149        SH:  0    Dex:  9    Spells: 7/10 levels left

rFire    . . .     SeeInvis +   i - +2 flail (protect)
rCold    . . .     Faith    .   (no shield)
rNeg     . . .     Spirit   .   (armour unavailable)
rPois    .         Reflect  .   (helmet restricted)
rElec    .         Harm     .   (no cloak)
rCorr    .         Rampage  .   (no gloves)
Will     .....                  (no boots)
Stlth    ++........             (no amulet)
HPRegen  0.12/turn              j - ring of see invisible
MPRegen  0.11/turn              (no ring)

@: no status effects
A: AC +5, unfitting armour, cold-blooded
a: no special abilities


You were on level 4 of the Dungeon.
You visited 1 branch of the dungeon, and saw 4 of its levels.

You collected 149 gold pieces.

Inventory:

Hand Weapons
 i - a +2 flail of protection (weapon)
Jewellery
 j - a ring of see invisible (left hand)
Scrolls
 a - a scroll of vulnerability {unknown}
 c - 3 scrolls of identify {unknown}
 f - 2 scrolls of teleportation {unknown}
 g - a scroll of torment {unknown}
Potions
 b - a potion of attraction {unknown}
 d - a potion of flight {unknown}
 e - 2 potions of curing {unknown}
 h - a potion of haste {unknown}


   Skills:
 - Level 1.7 Dodging
 - Level 1.7 Stealth
 + Level 3.0 Spellcasting
 * Level 6.1 Conjurations


You had 7 spell levels left.
You knew the following spells:

 Your Spells              Type           Power      Damage    Failure   Level
a - Magic Dart            Conj           100%       1d8       1%          1
b - Searing Ray           Conj           52%        3d5       1%          2

Your spell library contained the following spells:

 Spells                   Type           Power      Damage    Failure   Level
 Dazzling Flash           Conj/Hex       28%        N/A       13%         3
 Fulminant Prism          Conj/Hex       7%         3d7       41%         4
 Iskenderun's Mystic Bla  Conj/Tloc      14%        2d5       41%         4


Dungeon Overview and Level Annotations

Branches:
Dungeon (4/15)
 Temple: D:4-7

Altars:
Fedhas
Hepliaklqana

Annotations:
D:4 Edmund


Innate Abilities, Weirdness & Mutations

Your plain brown scales are hard. (AC +5)
You cannot fit into any form of body armour.
You are cold-blooded and may be slowed by cold attacks.


Message History

c - 3 scrolls labelled SIKHLU YJANIU (gained 1) Done exploring.
Done exploring.
Done exploring.
(D) Dungeon
Where to? (Enter - D:3 @ (x,y), ? - help)
There is a hazy altar of Hepliaklqana here.
There is a stone staircase leading down here.
You climb downwards.
Edmund shouts!
The goblin shouts!
You hear an angry hiss.
Found 4 stones and 13 gold pieces.
There is a stone staircase leading up here.
There are monsters nearby!
The magic dart hits Edmund.
Edmund is lightly wounded.
The goblin unwields a +0 club.
The goblin wields a +0 hunting sling.
The goblin shoots a stone.
The stone hits you.
Edmund grinds his teeth, and then sighs.
The magic dart hits Edmund.
Edmund is lightly wounded.
Edmund hits you with a +4 vorpal dire flail.
Casting: Magic Dart (safe; 1% risk of failure)
Confirm with . or Enter, or press ? or * to list all spells.
Aiming: Searing Ray (safe; 1% risk of failure)
Press: ? - help, Shift-Dir - straight line, p - Edmund The searing ray misses Edmund. (Press . to maintain the ray.)
The goblin shoots a stone.
The stone misses you.
The stone hits Edmund but does no damage.
Edmund hits you with a +4 vorpal dire flail!
An iguana comes into view.
The searing ray hits Edmund!
Edmund is moderately wounded.
The goblin shoots a stone.
The stone hits you. Edmund barely misses you.
The searing ray hits Edmund.
Edmund is moderately wounded.
Edmund hits you with a +4 vorpal dire flail!
* * * LOW HITPOINT WARNING * * *
x2 The goblin shoots a stone.
The stone hits you.
You die...

##### #...#
#### . #...#
....
..###...##..#
............#
............#..
..l(.g.@@......
..##........#..
##........#
#...#$...#
######.### .# #


You could see Edmund, an iguana and a goblin.

Vanquished Creatures
  A scorpion (D:3)
  A centaur skeleton (D:2)
  An adder (D:3)
  2 dart slugs (D:1)
  7 orcs (D:3)
  4 endoplasms
  6 giant cockroaches
  7 goblins
  12 hobgoblins
  A quokka (D:3)
  3 ball pythons
  3 bats (D:1)
  10 frilled lizards
  2 kobolds (D:1)
  6 rats
66 creatures vanquished.

Vanquished Creatures (others)
  A fungus (D:3)
  3 plants (D:3)
4 creatures vanquished.

Grand Total: 70 creatures vanquished

Notes
Turn   | Place    | Note
-------+----------+-------------------------------------------
     0 | D:1      | Crownlay the Draconian Conjurer began the quest for the
                  | Orb.
     0 | D:1      | Reached XP level 1. HP: 14/14 MP: 3/3
   406 | D:1      | Reached XP level 2. HP: 19/20 MP: 0/5
  1041 | D:1      | Reached XP level 3. HP: 26/26 MP: 4/6
  1148 | D:1      | Reached skill level 5 in Conjurations
  1955 | D:2      | Reached XP level 4. HP: 29/33 MP: 0/7
  1958 | D:2      | Learned a level 2 spell: Searing Ray
  2025 | D:2      | You fall into a shaft and drop 1 floor!
  2398 | D:3      | Found a blossoming altar of Fedhas.
  2574 | D:3      | Noticed a scorpion
  2585 | D:3      | Killed a scorpion
  2586 | D:3      | Reached skill level 6 in Conjurations
  2586 | D:3      | Reached XP level 5. HP: 21/38 MP: 1/9
  2736 | D:3      | Found a faded altar of an unknown god.
  2995 | D:3      | Found a hazy altar of Hepliaklqana.
  3325 | D:4      | Noticed Edmund
  3331 | D:4      | Shot with a stone by a goblin

Illustrated notes

Levels and vault maps discovered:
D:1:      eino_arrival_tree_alley, layout_loops_ring
D:2:      layout_basic
D:3:      layout_basic, fedhas_altar_3, lemuel_tele_altar,
          dreamdust_ecumenical_altar_statues, minmay_cut_off
D:4:      layout_loops_corners, bh_walls_and_bars, uniq_menkaure,
          uniq_crazy_yiuf_cottage, uniq_edmund, uniq_pikel

Skill      XL: |  1  2  3  4  5 |
---------------+----------------+-----
Conjurations   | 5 6 |  6.1
Spellcasting   | 3 |  3.0
Dodging        | |  1.7
Stealth        | |  1.7

Action                   |  1- 3 |  4- 6 || total
-------------------------+-------+-------++-------
Melee: Unarmed           |    22 |       ||    22
       Mace              |     7 |     5 ||    12
       Tailslap          |     1 |     5 ||     6
       Flail             |       |    21 ||    21
 Cast: Magic Dart        |    79 |    19 ||    98
       Searing Ray       |       |     4 ||     4
 Stab: Sleeping          |       |     1 ||     1
Armor: Skin              |    14 |    13 ||    27
Dodge: Dodged            |    28 |    23 ||    51
